Map: Pillars of Gold LE

Players

antoniobario

  • Race: Terran Terran
  • League: Silver
  • Spawn Location: 7:00

Throwfordays - Winner!

  • Race: Zerg Zerg
  • League: Silver
  • Spawn Location: 1:00

VOD

Have the link to the VOD?

Description

Time

  • Played on: July 19, 2020, 2:17 a.m.
  • Length: 9:16
Show
View Real Time Build Order
Export as new Build Order

antoniobario Terran 

Build Orders:  

Get SALT Encoding   

  12  0:04  SCV  
  13  0:18  Supply Depot  
  13  0:32  Refinery  
  13  0:33  SCV  
  14  0:43  Barracks  
  14  0:47  SCV  
  15  1:05  SCV  
  16  1:16  Refinery  
  16  1:17  SCV  
  17  1:25  Barracks  
  17  1:39  SCV  
  18  1:42  Barracks Reactor  
  18  1:51  SCV  
  19  2:03  SCV  
  19  2:08  Supply Depot  
  20  2:13  Barracks  
  20  2:15  Barracks Reactor, SCV  
  21  2:23  Marine x2  
  23  2:33  SCV  
  24  2:41  Reaper x2  
  26  2:45  Supply Depot  
  26  2:49  SCV  
  27  2:58  Reaper  
  28  3:06  Barracks Reactor  
  28  3:13  Marine x2  
  28  3:14  Supply Depot  
  28  3:18  Reaper  
  31  3:30  Reaper, Marine  
  33  3:39  Marine  
  34  3:44  Marine x2  
  36  3:50  Reaper  
  37  4:02  Reaper  
  33  4:31  Marine x2  
  33  4:32  Marine  
  33  4:33  Marine x2  
  33  4:34  Marine  
  39  4:41  Supply Depot  
  30  4:49  Marine x2  
  30  4:50  Marine  
  30  4:51  Marine  
  30  4:52  Marine x2  
  36  5:05  Supply Depot  
  36  5:07  Marine x2  
  36  5:08  Marine  
  36  5:09  Marine  
  36  5:10  Marine  
  30  5:25  Marine  
  30  5:27  Marine, Supply Depot  
  25  5:33  Marine  
  25  5:34  Marine  
  25  5:35  Marine x2  
  8  5:43  Marine  
  7  5:51  Marine  
  7  5:52  Marine  
  7  6:00  Marine  
Show
View Real Time Build Order
Export as new Build Order

Throwfordays Zerg - Winner!

Build Orders: Hatch First, Muta Ling Bane, Zergling Baneling 

Get SALT Encoding   

  12  0:01  Drone  
  13  0:13  Overlord  
  13  0:18  Drone  
  14  0:44  Hatchery  
  14  0:47  Drone  
  14  0:51  Drone  
  14  0:55  Drone  
  16  1:11  Spawning Pool  
  16  1:15  Drone  
  16  1:19  Drone  
  16  1:22  Drone  
  18  1:31  Extractor  
  18  1:32  Overlord  
  17  1:51  Drone  
  18  1:56  Drone  
  18  1:58  Queen  
  21  2:02  Queen  
  21  2:05  Drone  
  24  2:08  Zergling x2  
  24  2:12  Zergling x2  
  26  2:24  Drone  
  26  2:25  Drone  
  28  2:31  Metabolic Boost  
  28  2:42  Zergling x2  
  28  2:44  Zergling x6  
  32  2:46  Overlord  
  32  2:51  Extractor  
  31  3:04  Drone  
  32  3:10  Drone x3  
  35  3:15  Drone  
  35  3:17  Baneling Nest  
  35  3:19  Drone x4  
  39  3:21  Drone  
  40  3:33  Lair  
  40  3:40  Drone x2  
  42  3:45  Drone x2  
  44  3:49  Overlord  
  44  3:50  Overlord  
  42  4:18  Zergling x12  
  42  4:20  Zergling x6  
  42  4:21  Zergling x6  
  54  4:24  Baneling x2  
  54  4:25  Baneling x6  
  54  4:26  Baneling  
  54  4:36  Centrifical Hooks  
  45  5:38  Hatchery  
  42  6:05  Zergling x2  
  42  6:06  Zergling x10  
  42  6:10  Zergling x8  
  42  6:11  Zergling x4  
  53  6:23  Drone  
  54  6:27  Drone  
  55  6:47  Spire  
  55  6:48  Extractor  
  55  6:49  Extractor  
  55  6:51  Drone x4  
  56  6:55  Drone  
  56  6:56  Drone x3  
  60  7:05  Queen  
  62  8:00  Mutalisk  
  62  8:03  Overlord x2  
  62  8:04  Overlord x2  
  64  8:24  Mutalisk x2  
  64  8:25  Mutalisk x3  
  74  8:27  Mutalisk x4  
  82  8:34  Mutalisk x2  
  82  8:40  Drone x4  
  90  8:50  Drone x2  
Tags
 
Add a new tag
Caveats
  • Supply blocks, unpowered buildings, or Contaminate may cause inaccurate times.
  • Supply counts are checked every 10 seconds.